 Dungeon Crawl Stone Soup version 0.31-a0-1549-g5ff9445e89 (webtiles) character file.

Game seed: 5413430458159612193

350059 Zirtrex the Slayer (level 21, -2/315 HPs)
             Began as a Minotaur Berserker on Jan 2, 2024.
             Was the Champion of Trog.
             Succumbed to an orc knight's poison
             ... on level 4 of the Vaults.
             The game lasted 02:45:17 (49585 turns).

Zirtrex the Slayer (Minotaur Berserker)            Turns: 49585, Time: 02:45:18

Health: -2/315     AC: 35    Str: 40    XL:     21   Next: 26%
Magic:  20/20      EV: 20    Int:  4    God:    Trog [******]
Gold:   769        SH:  0    Dex:  8    Spells: 20/20 levels left

rFire   + + .        F - +11 battleaxe of the Imperium {spect, rElec rF++ Dex-3}
rCold   + . .        (shield currently unavailable)
rNeg    + . .        e - +0 pearl dragon scales of the Amoeba {rN+ Str+5 Int+3}
rPois   .            m - +1 hat
rElec   +            M - +2 cloak
rCorr   .            V - +2 pair of gloves {Stlth+}
SInv    .            s - +0 pair of boots
Will    +....        U - amulet of Spite {Faith rC+ Stlth+} Stlth
                     K - ring of the Blind Eye {EV+5 Str+3}
HPRegen 0.72/turn    J - ring of Okawaru's Envy {AC+4 Int-3 Slay+5}
MPRegen 0.17/turn

%: faith
@: berserking, lethally poisoned (-2 -> -35), very quick
A: horns 2, retaliatory headbutt
}: 2/15 runes: serpentine, barnacled
a: Renounce Religion, Berserk, Trog's Hand, Brothers in Arms


You were on level 4 of the Vaults.
You worshipped Trog.
Trog was exalted by your worship.
You visited 7 branches of the dungeon, and saw 36 of its levels.
You also visited: Bailey, Gauntlet and Desolation.

You collected 4061 gold pieces.
You spent 3292 gold pieces at shops.

Inventory:

Hand Weapons
 x - a +4 broad axe of flaming
 F - the +11 battleaxe of the Imperium (weapon) {spect, rElec rF++ Dex-3}
   (You bought it in a shop on level 1 of the Elven Halls)

   Dex-3:     It affects your dexterity (-3).
   rF++:      It greatly protects you from fire.
   rElec:     It insulates you from electricity.
Missiles
 T - 5 throwing nets
Armour
 e - the +0 pearl dragon scales of the Amoeba (worn) {rN+ Str+5 Int+3}
   (You took it off a hobgoblin in a bailey)

   Str+5:     It affects your strength (+5).
   Int+3:     It affects your intelligence (+3).
   rN+:       It protects you from negative energy.
 m - a +1 hat (worn)
 s - a +0 pair of boots (worn)
 A - a +1 tower shield of protection
 M - a +2 cloak (worn)
 V - a +2 pair of gloves of stealth (worn)
 Y - the +1 crystal plate armour of Free Will {rPois Will++}
   (You acquired it on level 1 of the Vaults)

   rPois:     It protects you from poison Will++: It greatly increases your
   willpower.
Jewellery
 g - a +5 ring of evasion
 B - a ring of flight
 J - the ring of Okawaru's Envy (right hand) {AC+4 Int-3 Slay+5}
   (You found it on level 9 of the Dungeon)

   [ring of protection]

   AC+4:      It affects your AC (+4).
   Int-3:     It affects your intelligence (-3).
   Slay+5:    It affects your accuracy & damage with ranged weapons and melee
   (+5).
 K - the ring of the Blind Eye (left hand) {EV+5 Str+3}
   (You found it in the Desolation of Salt)

   [ring of evasion]

   EV+5:      It affects your evasion (+5).
   Str+3:     It affects your strength (+3).
 P - a ring of willpower
 U - the amulet of Spite (around neck) {Faith rC+ Stlth+}
   (You found it on level 5 of the Lair of Beasts)

   [amulet of faith]

   Faith:     It allows you to gain divine favour quickly.
   rC+:       It protects you from cold.
   Stlth+:    It makes you more stealthy.
 X - the ring "Tihugg" {Int+3 SInv}
   (You found it in the Desolation of Salt)

   [ring of see invisible]

   Int+3:     It affects your intelligence (+3).
   SInv:      It lets you see invisible.
Wands
 b - a wand of flame (26)
 o - a wand of acid (5)
 u - a wand of charming (27)
 z - a wand of roots (34)
 E - a wand of polymorph (26)
 H - a wand of mindburst (27)
Scrolls
 c - a scroll of poison
 i - 10 scrolls of teleportation
 l - 4 scrolls of revelation
 n - 5 scrolls of vulnerability
 v - 4 scrolls of torment
 y - 8 scrolls of fog
 I - 5 scrolls of fear
 L - 5 scrolls of immolation
 N - 7 scrolls of enchant weapon
 S - a scroll of silence
 Z - 5 scrolls of enchant armour
Potions
 a - 5 potions of mutation
 d - 4 potions of heal wounds
 f - 8 potions of ambrosia
 h - 6 potions of curing
 j - 7 potions of haste
 k - 5 potions of might
 p - 2 potions of berserk rage
 q - 6 potions of attraction
 r - 7 potions of enlightenment
 t - 9 potions of resistance (quivered)
 w - 2 potions of lignification
 Q - 2 potions of invisibility
 R - 3 potions of cancellation
Miscellaneous
 C - a tin of tremorstones (2/2)
 D - a phial of floods
 O - a sack of spiders
 W - a phantom mirror


   Skills:
 + Level 22.9 Fighting
 + Level 19.9 Axes
 + Level 22.6 Armour
 + Level 17.9 Dodging
 - Level 19.0 Shields
 - Level 12.0 Evocations


You had 20 spell levels left.
You didn't know any spells.
Your spell library was empty.

Dungeon Overview and Level Annotations

Branches:
Dungeon (15/15)            Temple (0/1) D:6            Lair (5/5) D:9
 Shoals (4/4) Lair:2        Snake (4/4) Lair:2        Slime (0/5) Lair:4
    Orc (2/2) D:10            Elf (2/3) Orc:2        Vaults (4/5) D:13
  Crypt (0/3) Vaults:3     Depths (0/4) D:15         Bailey (visited)
Desolation (visited)      Gauntlet (visited)

Altars:
Ashenzari
Elyvilon
Ru
Sif Muna
Jiyva

Shops:
D:8 !   Orc:2 [*(:   Elf:1 =*   Shoals:1 !   Shoals:3 :   Vaults:2 :

Annotations:
D:6 1 runed translucent door, tgirl's ghost, novice OpEn
Snake:1 1 transporter
Orc:1 1 runed translucent door, Tonberry's ghost, journeyman TrBe


Innate Abilities, Weirdness & Mutations

You have a pair of horns on your head.
You reflexively headbutt those who attack you in melee.


Message History

The orc sorcerer completely misses you.
You can move again.
You slice the orc high priest!!
You kill the orc high priest!
Trog accepts your kill.
You slash the orc sorcerer!
You kill the orc sorcerer!
Trog accepts your kill.
Trog appreciates your killing of a magic user.
You hit the orc knight. The orc warlord blocks your attack.
The orc warlord blocks your +11 battleaxe of the Imperium {spect, rElec rF++ Dex-3}'s attack.
Your +11 battleaxe of the Imperium {spect, rElec rF++ Dex-3} hits the orc knight.
Your +11 battleaxe of the Imperium {spect, rElec rF++ Dex-3} hits the orc knight!!!
* * * LOW HITPOINT WARNING * * *
You feel very sick.
You hit the orc warlord. You headbutt the orc warlord!
The orc warlord is severely wounded.
You slice the orc knight!!
You kill the orc knight!
Trog accepts your kill.
The orc warlord blocks your +11 battleaxe of the Imperium {spect, rElec rF++ Dex-3}'s attack.
* * * LOW HITPOINT WARNING * * *
You feel very sick.
The orc knight hits you but does no damage.
The orc knight hits you from afar with a +3 bardiche of flaming!
* * * LOW HITPOINT WARNING * * *
The orc knight burns you.
* * * LOW HITPOINT WARNING * * *
The orc warlord misses you.
The orc warlord hits your +11 battleaxe of the Imperium {spect, rElec rF++ Dex-3} with a +4 war axe of electrocution!!
Your spectral weapon shares its damage with you!
* * * LOW HITPOINT WARNING * * *
You are too berserk!
You are too berserk!
The orc warlord blocks your attack.
Your headbutt misses the orc warlord.
The orc warlord is severely wounded.
Your +11 battleaxe of the Imperium {spect, rElec rF++ Dex-3} hits the orc warlord!!!
You kill the orc warlord!
Trog accepts your kill.
You die...

........#........##.>.### ###...#
........#........##.....###.....#
.....<..#........###...........##
........#........# ##.........##
........#........# ###.....###
........#######'###########'#####
........# #≈≈~...~≈≈# #......
........# #≈##)()##≈# #.###'#
####+#### # #o)@).# #.).#).
#..)).# #.#.### #o....# #.####.
#$.$.$# #.'..#. #.$.$.# #.#####
####### #....:. #######
####...... #..####.##


You could see 2 orc knights and a friendly +11 battleaxe of the Imperium {spect,
rElec rF++ Dex-3}.

Vanquished Creatures
  Rupert (D:12)
  Asterion (Vaults:2)
  A deep elf blademaster (Elf:2)
  2 sphinxes
  Donald (Orc:2)
  Aizul (Vaults:2)
  8 nagarajas
  A frost giant (Vaults:3)
  A deep elf sorcerer (Elf:1)
  18 vault wardens
  3 orc warlords
  An imperial myrmidon (Desolation)
  15 ironbound preservers
  2 formless jellyfish (Vaults:2)
  5 ironbound thunderhulks
  2 deep elf death magi
  A halazid warlock (Desolation)
  2 deep elf annihilators
  A minotaur (Gauntlet)
  A war gargoyle (Vaults:1)
  11 dire elephants
  2 ettins (Vaults:1)
  5 merfolk impalers
  Josephine (Orc:2)
  4 crystal guardians
  A deep elf high priest (Elf:1)
  A fire dragon (D:15)
  5 ragged hierophants (Desolation)
  5 yaktaur captains
  3 great orbs of eyes
  2 merfolk javelineers
  Fannar (D:10)
  A salamander tyrant (Snake:4)
  8 servants of whispers (Desolation)
  13 vault guards
  8 peacekeepers
  6 hydras
  18 centaur warriors
  3 rakshasas (D:15)
  7 ironbound frosthearts
  2 merfolk avatars
  2 catoblepae
  3 merfolk aquamancers
  4 satyrs
  6 anacondas
  23 dancing weapons
  6 death yaks (Lair:4)
  5 two-headed ogres
  5 boulder beetles
  13 naga warriors
  2 orc high priests
  Urug (D:12)
  7 naga sharpshooters
  6 shock serpents
  A sun demon (D:15)
  11 deep elf knights
  A hell knight (D:15)
  2 salamander mystics
  2 sixfirhies (D:15)
  5 skysharks
  2 fire crabs
  2 large abominations (Elf:1)
  19 sea snakes
  37 deep trolls
  2 naga ritualists
  5 mana vipers
  11 arcanists
  6 lindwurms
  A phantasmal warrior (Vaults:3)
  7 deep elf archers
  19 ironbound convokers
  4 harpies
  10 orc knights
  13 deep elf pyromancers
  25 deep elf zephyrmancers
  6 necromancers
  Maurice (D:10)
  6 orc sorcerers
  4 cyclopes
  4 human zombies (Vaults:2)
  8 manticores
  28 ugly things
  28 fauns
  11 salamanders
  A salamander (shapeshifter) (D:15)
  A human skeleton (Vaults:2)
  10 naga magi
  8 elephants
  4 guardian serpents
  2 kobold blastminers (Orc:2)
  13 vault sentinels
  31 black mambas
  11 merfolk sirens
  A molten gargoyle (D:15)
  A rust devil (D:15)
  13 cane toads
  5 water nymphs
  2 yaktaur zombies (Vaults:2)
  A gargoyle (D:15)
  A torpor snail (Lair:2)
  2 unseen horrors
  A rime drake (Lair:4)
  7 komodo dragons
  A kobold demonologist (D:14)
  31 yaktaurs
  A freezing wraith (D:15)
  4 trolls
  19 merfolk
  7 polar bears
  2 wolf spider simulacra
  A queen bee (D:9)
  5 hornets
  A raiju (shapeshifter) (D:15)
  66 saltlings (Desolation)
  2 raiju (D:15)
  5 wind drakes
  7 blink frogs
  13 dream sheep (Lair:4)
  7 snapping turtles
  2 centaur simulacra
  21 slime creatures
  8 shadows
  13 spriggans (Lair:5)
  16 water elementals
  2 air elementals
  6 wyverns
  46 yaks
  11 wraiths
  16 humans (D:13)
  6 basilisks
  A fire elemental (Elf:2)
  A hog (shapeshifter) (D:13)
  Grum (D:9)
  6 wargs
  A yaktaur simulacrum (Vaults:2)
  11 vampire mosquitoes
  A basilisk (shapeshifter) (D:15)
  44 nagas
  3 acid dragons
  14 water moccasins
  38 orc warriors
  A meliai simulacrum (D:15)
  7 black bears
  4 ice beasts
  2 sky beasts
  2 laughing skulls (D:13)
  4 boggarts (Lair:5)
  34 wolves
  5 ogres
  7 centaurs
  3 phantoms
  A kobold brigand (D:8)
  3 elf zombies (Elf:1)
  3 earth elementals
  11 bullfrogs
  5 scorpions
  7 wights (D:8)
  30 killer bees
  7 electric eels
  6 howler monkeys
  A bombardier beetle (D:4)
  A jelly (D:7)
  A wyvern simulacrum (Gauntlet)
  2 hounds (D:5)
  19 orc priests
  Natasha (thrice) (D:3)
  2 iguanas
  25 orc wizards
  A hell rat (Lair:4)
  Robin (D:3)
  9 gnolls
  An adder (D:6)
  A shadow imp (D:6)
  A white imp (D:6)
  3 ufetubi
  2 dart slugs (D:2)
  2 ribbon worms
  78 orcs
  7 ball pythons
  7 bats
  5 endoplasms
  A giant cockroach (D:1)
  13 hobgoblins
  2 jackals (D:1)
  5 quokkas
  4 frilled lizards
  28 goblins
  9 kobolds
  4 rats
  A butterfly (Lair:5)
1475 creatures vanquished.

Vanquished Creatures (collateral kills)
  Ilsuiw (Shoals:3)
  An imperial myrmidon (Desolation)
  An orc warlord (Orc:2)
  A crystal guardian (Desolation)
  A merfolk javelineer (Shoals:3)
  A ragged hierophant (Desolation)
  2 servants of whispers (Desolation)
  A vault guard (Vaults:1)
  An anaconda (Snake:3)
  A merfolk avatar (Shoals:1)
  A satyr (Shoals:4)
  An alligator snapping turtle (Shoals:3)
  An orc high priest (Orc:2)
  Amaemon (Lair:1)
  A naga ritualist (Snake:3)
  A mana viper (Snake:3)
  A deep elf archer (Elf:2)
  An ironbound convoker (Desolation)
  An orc knight (Orc:2)
  A deep elf pyromancer (D:15)
  3 fauns
  2 merfolk sirens
  A molten gargoyle (D:15)
  An orange demon (Lair:1)
  3 merfolk (Shoals:1)
  A polar bear (Lair:5)
  3 saltlings (Desolation)
  A hornet (Lair:5)
  A snapping turtle (Shoals:1)
  A spriggan (Lair:5)
  A warg (Orc:2)
  A water moccasin (Lair:1)
  4 orc warriors (Orc:2)
  An orc priest (Orc:2)
  2 orcs (Orc:2)
47 creatures vanquished.

Vanquished Creatures (others)
  2 deep elf knights
  A faun (Shoals:3)
  A boggart (D:15)
  An orc wizard (D:7)
  9 spectral weapons
  5 tentacles (Shoals:4)
19 creatures vanquished.

Grand Total: 1541 creatures vanquished

Notes
Turn   | Place    | Note
-------+----------+-------------------------------------------
     0 | D:1      | Zirtrex the Minotaur Berserker began the quest for the Orb.
     0 | D:1      | Reached XP level 1. HP: 19/19 MP: 0/0
   105 | D:1      | You fall into a shaft and drop 1 floor!
   128 | D:2      | Reached XP level 2. HP: 26/27 MP: 1/1
   662 | D:1      | Reached XP level 3. HP: 27/33 MP: 2/2
   663 | D:1      | Reached ** piety under Trog
  1406 | D:2      | Found a faded altar of an unknown god.
  1498 | D:3      | Noticed Robin
  1566 | D:3      | Killed Robin
  1567 | D:3      | Reached XP level 4. HP: 35/41 MP: 3/3
  1608 | D:3      | Noticed Natasha
  1619 | D:3      | Killed Natasha
  1820 | D:3      | Noticed Natasha
  1829 | D:3      | Killed Natasha
  2029 | D:3      | Noticed Natasha
  2035 | D:3      | Killed Natasha
  2036 | D:3      | Reached skill level 5 in Fighting
  2036 | D:3      | Reached skill level 5 in Axes
  2036 | D:3      | Reached XP level 5. HP: 43/48 MP: 4/4
  2340 | D:4      | Reached *** piety under Trog
  2511 | D:5      | Entered Level 5 of the Dungeon
  2548 | D:5      | Noticed an ogre
  2555 | D:5      | Killed an ogre
  2556 | D:5      | Reached XP level 6. HP: 56/56 MP: 3/5
  2594 | D:5      | Noticed an ice beast
  2765 | D:5      | Reached XP level 7. HP: 62/62 MP: 6/6
  3012 | D:5      | Reached skill level 5 in Armour
  3399 | D:6      | Reached skill level 5 in Dodging
  3519 | D:6      | Reached XP level 8. HP: 58/71 MP: 5/7
  4147 | D:6      | Found a staircase to the Ecumenical Temple.
  4343 | D:6      | Found a runed translucent door.
  4350 | D:6      | Noticed tgirl's ghost (novice OpEn)
  4350 | D:6      | Noticed an unseen horror
  4364 | D:6      | Killed an unseen horror
  5004 | D:7      | Found a flagged portal.
  5044 | D:7      | Reached XP level 9. HP: 81/81 MP: 5/8
  5110 | Bailey   | Entered a bailey
  5402 | Bailey   | Noticed an orc knight
  5458 | Bailey   | Killed an orc knight
  5620 | Bailey   | Noticed an orc warlord
  5626 | Bailey   | Noticed an orc knight
  5669 | Bailey   | Noticed an orc knight
  5686 | Bailey   | Reached skill level 10 in Armour
  5686 | Bailey   | Reached XP level 10. HP: 57/95 MP: 6/9
  5705 | Bailey   | Identified the +0 pearl dragon scales of the Amoeba {rN+
                  | Str+5 Int+3}
  6012 | D:7      | Reached **** piety under Trog
  6732 | D:8      | Reached XP level 11. HP: 102/102 MP: 10/10
  6839 | D:8      | Found a sacrificial altar of Ru.
  6863 | D:8      | Reached skill level 10 in Dodging
  7124 | D:8      | Found Soes's Distillery.
  7210 | D:8      | Found a broken altar of Ashenzari.
  7619 | D:9      | Identified the ring of Okawaru's Envy {AC+4 Int-3 Slay+5}
  7705 | D:9      | Noticed Grum
  7715 | D:9      | Killed Grum
  7912 | D:9      | Reached ***** piety under Trog
  8084 | D:9      | Found a staircase to the Lair.
  8263 | Lair:1   | Entered Level 1 of the Lair of Beasts
  8661 | Lair:1   | Noticed a catoblepas
  8680 | Lair:1   | Killed a catoblepas
  8772 | Lair:1   | Noticed Amaemon
  8788 | Lair:1   | Killed Amaemon
  9080 | Lair:1   | Reached XP level 12. HP: 103/113 MP: 11/11
  9473 | Lair:2   | Found a staircase to the Snake Pit.
  9947 | Lair:2   | Noticed a six-headed hydra
  9955 | Lair:2   | Killed a six-headed hydra
 10130 | Lair:2   | Received a gift from Trog
 10201 | Lair:2   | Noticed an eight-headed hydra
 10212 | Lair:2   | Killed an eight-headed hydra
 10448 | Lair:2   | Found a staircase to the Shoals.
 11107 | Lair:3   | Noticed a boulder beetle
 11133 | Lair:3   | Killed a boulder beetle
 11882 | Lair:4   | Noticed a six-headed hydra
 11889 | Lair:4   | Killed a six-headed hydra
 12031 | Lair:4   | Reached XP level 13. HP: 123/123 MP: 4/12
 12308 | Lair:4   | Reached skill level 1 in Evocations
 12577 | Lair:4   | Found a staircase to the Slime Pits.
 12578 | Lair:4   | Found a viscous altar of Jiyva.
 12886 | Lair:4   | Identified the +3 leather armour "Cufozao" {rElec rN+
                  | rCorr}
 12973 | Lair:4   | Identified the staff of Qiothrirph {^Fragile rElec Int+3
                  | Summ Necro Air}
 13291 | Lair:5   | Entered Level 5 of the Lair of Beasts
 13836 | Lair:5   | Found a frozen archway.
 13862 | Lair:5   | Reached skill level 15 in Axes
 13871 | Lair:5   | Reached skill level 15 in Fighting
 13882 | Lair:5   | Reached XP level 14. HP: 50/135 MP: 3/13
 14759 | Lair:5   | Identified the amulet of Spite {Faith rC+ Stlth+}
 14866 | Lair:5   | Reached skill level 15 in Armour
 14923 | Lair:5   | Reached skill level 5 in Evocations
 15164 | D:10     | Entered Level 10 of the Dungeon
 15171 | D:10     | Received a gift from Trog
 15315 | D:10     | Noticed Maurice
 15333 | D:10     | Killed Maurice
 15889 | D:10     | Noticed Fannar
 15895 | D:10     | Killed Fannar
 16054 | D:10     | Found a staircase to the Orcish Mines.
 16181 | Orc:1    | Entered Level 1 of the Orcish Mines
 16555 | Orc:1    | Found a runed translucent door.
 16629 | Orc:1    | Reached ****** piety under Trog
 16629 | Orc:1    | Received a gift from Trog
 16967 | Orc:1    | Noticed Tonberry's ghost (journeyman TrBe)
 17014 | Orc:2    | Entered Level 2 of the Orcish Mines
 17091 | Orc:2    | Found Xuecs's Book Shoppe.
 17131 | Orc:2    | Found Ympoclo's Antique Weapon Boutique.
 17227 | Orc:2    | Noticed Josephine
 17250 | Orc:2    | Killed Josephine
 17415 | Orc:2    | Found Geruag's General Store.
 17666 | Orc:2    | Noticed an orc warlord
 17675 | Orc:2    | Killed an orc warlord
 17677 | Orc:2    | Received a gift from Trog
 17688 | Orc:2    | Found Kigutomn's Antique Armour Emporium.
 17817 | Orc:2    | Found a staircase to the Elven Halls.
 17842 | Orc:2    | Noticed Donald
 17858 | Orc:2    | Killed Donald
 18201 | Orc:2    | Bought a scroll of identify for 32 gold pieces
 18201 | Orc:2    | Bought a phantom mirror for 640 gold pieces
 18201 | Orc:2    | Bought a scroll of revelation for 120 gold pieces
 18358 | D:11     | Found a gate leading to a gauntlet.
 18364 | Gauntlet | Entered a Gauntlet
 18364 | Gauntlet | Found a transporter.
 18364 | Gauntlet | Found a transporter.
 18364 | Gauntlet | Found a transporter.
 18396 | Gauntlet | Found a transporter.
 18406 | Gauntlet | Found a transporter.
 18409 | Gauntlet | Found a transporter.
 18421 | Gauntlet | Found a transporter.
 18438 | Gauntlet | Found a transporter.
 18455 | Gauntlet | Found a transporter.
 18455 | Gauntlet | Found a transporter.
 18463 | Gauntlet | Found a transporter.
 18466 | Gauntlet | Found a transporter.
 18489 | Gauntlet | Found a runed translucent door.
 18543 | Gauntlet | Reached XP level 15. HP: 144/144 MP: 14/14
 19782 | D:12     | Noticed Urug
 19787 | D:12     | Killed Urug
 19846 | D:12     | Noticed Rupert
 19855 | D:12     | Killed Rupert
 20164 | D:12     | Reached skill level 15 in Dodging
 20474 | D:13     | Received a gift from Trog
 20558 | D:13     | Found a gate to the Vaults.
 22157 | D:14     | Found a white marble altar of Elyvilon.
 22314 | D:15     | Entered Level 15 of the Dungeon
 22328 | D:15     | Found a staircase to the Depths.
 23211 | D:15     | Identified the staff of Bloodstone {+Blink rC+ Int+5 Stlth-
                  | Ice}
 23347 | D:15     | Paralysed by an air elemental for 1 turns
 23349 | D:15     | Paralysed by an air elemental for 1 turns
 23521 | D:15     | Reached XP level 16. HP: 155/155 MP: 15/15
 24283 | Snake:1  | Entered Level 1 of the Snake Pit
 24513 | Snake:1  | Identified the +3 battleaxe "Blue Beetleslayer" {heavy,
                  | Stlth+} (Trog gifted it to you on level 1 of the Snake Pit)
 24513 | Snake:1  | Received a gift from Trog
 24882 | Snake:1  | Found a transporter.
 24942 | Snake:1  | Identified a scroll of acquirement
 24942 | Snake:1  | Acquired a manual of Shields
 24973 | Snake:1  | Reached skill level 1 in Shields
 25036 | Snake:1  | Found a shimmering blue altar of Sif Muna.
 25134 | Snake:1  | Reached skill level 5 in Shields
 26717 | Snake:2  | Reached skill level 10 in Shields
 28417 | Snake:3  | Reached skill level 15 in Shields
 28669 | Snake:3  | Received a gift from Trog
 29461 | Snake:4  | Entered Level 4 of the Snake Pit
 29741 | Snake:4  | Reached XP level 17. HP: 158/163 MP: 16/16
 30384 | Snake:4  | Identified the +1 scale mail of Polish {Fly rC+ Regen+}
 32454 | Snake:4  | Got a serpentine rune of Zot
 32770 | Shoals:1 | Entered Level 1 of the Shoals
 32949 | Shoals:1 | Found Rorheiph's Distillery.
 32973 | Shoals:1 | Received a gift from Trog
 33083 | Shoals:1 | Bought a potion of haste for 130 gold pieces
 33083 | Shoals:1 | Bought a potion of heal wounds for 65 gold pieces
 33083 | Shoals:1 | Bought a potion of resistance for 130 gold pieces
 33083 | Shoals:1 | Bought a potion of attraction for 39 gold pieces
 33083 | Shoals:1 | Bought a potion of haste for 130 gold pieces
 33083 | Shoals:1 | Bought a potion of resistance for 130 gold pieces
 34322 | Shoals:3 | Received a gift from Trog
 34508 | Shoals:3 | Noticed Ilsuiw
 34646 | Shoals:3 | Found Bippust's Book Boutique.
 34947 | Shoals:3 | Killed Ilsuiw
 35072 | Shoals:3 | Noticed a kraken
 35284 | Shoals:4 | Entered Level 4 of the Shoals
 35800 | Shoals:4 | Received a gift from Trog
 35829 | Shoals:4 | Reached XP level 18. HP: 112/176 MP: 17/17
 36866 | Shoals:4 | Got a barnacled rune of Zot
 37538 | Vaults:1 | Entered Level 1 of the Vaults
 37567 | Vaults:1 | Received a gift from Trog
 37732 | Vaults:1 | Acquired the +1 crystal plate armour of Free Will {rPois
                  | Will++}
 38206 | Vaults:1 | Received a gift from Trog
 39226 | Elf:1    | Entered Level 1 of the Elven Halls
 39538 | Elf:1    | Reached skill level 10 in Evocations
 39538 | Elf:1    | Reached XP level 19. HP: 148/185 MP: 18/18
 39844 | Elf:1    | Received a gift from Trog
 39927 | Elf:1    | Identified the +0 kite shield "Xemimm Xaug" {rF+ Dex+2}
 39997 | Elf:1    | Found Muler's Jewellery Shoppe.
 40002 | Elf:1    | Found Kevaj's General Store.
 40009 | Elf:1    | Bought the +11 battleaxe of the Imperium {spect, rElec rF++
                  | Dex-3} for 1542 gold pieces
 40009 | Elf:1    | Bought a scroll of immolation for 64 gold pieces
 40089 | Elf:1    | Bought a ring of see invisible for 270 gold pieces
 40380 | Elf:1    | Paralysed by an air elemental for 1 turns
 40436 | Elf:1    | Found a runed translucent gate.
 40437 | Elf:1    | Found a runed translucent gate.
 40437 | Elf:1    | Found a runed translucent gate.
 40605 | Elf:1    | Identified the +1 quarterstaff of Fate {elec, rElec rPois
                  | Str-5}
 40947 | Elf:1    | Received a gift from Trog
 41801 | Elf:2    | Identified the +11 bardiche of the Wheel {freeze, Dex+3}
 41803 | Elf:2    | Found a huge runed translucent gate.
 41803 | Elf:2    | Found a huge runed translucent gate.
 41803 | Elf:2    | Found a huge runed translucent gate.
 41803 | Elf:2    | Found a huge runed translucent gate.
 41803 | Elf:2    | Found a huge runed translucent gate.
 41811 | Elf:2    | Received a gift from Trog
 43001 | Vaults:2 | Found a transporter.
 43048 | Vaults:2 | Found Moupluuq's Book Boutique.
 43050 | Vaults:2 | Found a transporter.
 43194 | Vaults:2 | Received a gift from Trog
 43378 | Vaults:2 | Identified the +10 short sword of Tension {heavy, rPois
                  | Int+3}
 44268 | Vaults:2 | Noticed Asterion
 44282 | Vaults:2 | Killed Asterion
 44504 | Vaults:2 | Reached XP level 20. HP: 198/198 MP: 19/19
 44556 | Vaults:2 | Identified the serpent talisman "Oguedghasm" {rN+++ Int+2
                  | Dex-2 SInv}
 44556 | Vaults:2 | Noticed Aizul
 44564 | Vaults:2 | Killed Aizul
 45071 | Vaults:2 | Received a gift from Trog
 45545 | Vaults:3 | Found a crumbling gateway.
 45555 | Desolati | Entered the Desolation of Salt
 45686 | Desolati | Identified the ring "Tihugg" {Int+3 SInv}
 46263 | Desolati | Received a gift from Trog
 46397 | Desolati | Found the ring of the Octopus King {Wiz HP+2 AC+2 EV+2
                  | SH+2}
 46673 | Desolati | Identified the ring "Raloygu" {rN+++ Will++ Str-5 Dex+6
                  | SInv}
 46793 | Desolati | Received a gift from Trog
 46888 | Desolati | Identified the ring of the Blind Eye {EV+5 Str+3}
 47070 | Desolati | Identified the ring "Suebu" {rF++ rCorr Int-4}
 47515 | Vaults:3 | Received a gift from Trog
 47960 | Vaults:3 | Found a staircase to the Crypt.
 48570 | Vaults:4 | Identified the +4 quarterstaff of Lust {antimagic, rElec
                  | rC+ Int-3} (Trog gifted it to you on level 4 of the Vaults)
 48570 | Vaults:4 | Received a gift from Trog
 48571 | Vaults:4 | Reached XP level 21. HP: 186/209 MP: 20/20
 49499 | Vaults:4 | Received a gift from Trog
 49578 | Vaults:4 | Paralysed by an orc sorcerer for 4 turns
 49584 | Vaults:4 | HP: 5/315 [orc knight/+3 bardiche of flaming (14)]
 49584 | Vaults:4 | HP: 1/315 [orc warlord/+4 war axe of electrocution (3)]
 49585 | Vaults:4 | Succumbed to an orc knight's poison

Illustrated notes

Levels and vault maps discovered:
D:1:      lemuel_arrival_lava_pool, layout_basic, minivault_26
D:2:      layout_rooms, nicolae_ecumenical_lake_church, minmay_misc_feat_encased
D:3:      layout_rooms, uniq_robin, uniq_natasha
D:4:      layout_basic
D:5:      layout_cave_pools
D:6:      layout_gridville, minmay_temple_entry_glass, ebering_ghost_sewer_d
D:7:      minmay_razor_zed, layout_basic, enter_bailey_3
D:8:      layout_cave_pools, mainiacjoe_overflow_catwalk_spiral,
          nicolae_take_the_stairs, nicolae_letterblocks
          [nicolae_letter_subblock, nicolae_letter_subblock,
          nicolae_letter_subblock, nicolae_letter_subblock,
          nicolae_letter_subblock, nicolae_letter_subblock,
          nicolae_letter_subblock, nicolae_letter_subblock,
          nicolae_letter_subblock, nicolae_letter_subblock,
          nicolae_letter_subblock, nicolae_letter_subblock,
          nicolae_letter_subblock, nicolae_letter_subblock,
          nicolae_letter_subblock, nicolae_letter_subblock,
          nicolae_letter_subblock, nicolae_letter_subblock,
          nicolae_letter_subblock, nicolae_letter_subblock,
          nicolae_letter_subblock, nicolae_letter_subblock,
          nicolae_letter_subblock, nicolae_letter_subblock,
          nicolae_letter_subblock]
D:9:      layout_roguey [special_room_bee], lair_entry_dummy, uniq_grum
D:10:     layout_basic, david_orc_2, nicolae_twisty_statue_hallways,
          uniq_fannar, uniq_maurice
D:11:     layout_loops_ring, gauntlet_entry_generic, minmay_misc_feat_room
D:12:     layout_loops_ring, uniq_urug, uniq_rupert
D:13:     layout_basic, david_vaults_3, nrook_guardian_serpent_ordinary
D:14:     layout_loops_ring, elyvilon_altar_3
D:15:     hangedman_crystal_crosses_colossus [crystal_crosses_arms_two,
          crystal_crosses_arms_one, crystal_crosses_arms_one]
Lair:1:   layout_regular_city, chequers_serial_rivers_marsh, grunt_megastairs_5,
          uniq_amaemon
Lair:2:   layout_cave_pods, elwin_shoals_entry_rooms,
          minmay_snake_entry_guardpost_small, serial_bayou_ford_a,
          grunt_megastairs_3
Lair:3:   layout_cave_shapes
Lair:4:   nzn_winding_woodlands_medium [nzn_winding_woodlands_hourglass,
          nzn_winding_woodlands_5x15_parted,
          nzn_winding_woodlands_5x5_perimeter,
          nzn_winding_woodlands_5x5_default,
          nzn_winding_woodlands_center_triple_pond,
          nzn_winding_woodlands_5x5_checkerboard,
          nzn_winding_woodlands_5x5_closed_star,
          nzn_winding_woodlands_5x15_garden, nzn_winding_woodlands_5x5_default],
          layout_concentric_octagons, slime_entry_1, lemuel_fruit_fields,
          lemuel_fruit_fields, infiniplex_staircase_pool_2
Lair:5:   minmay_lair_end_enchanted_forest, layout_misc_corridors,
          portal_ice_cave_entry_pillars_1, lemuel_fruit_fields
Shoals:1: layout_shoals, serial_shops, nicolae_shop_tiny_statue_garden
Shoals:2: layout_shoals
Shoals:3: layout_shoals, serial_shops, nicolae_book_shop_shelving, uniq_ilsuiw
Shoals:4: shoals_end_grunt_garden, layout_shoals
Snake:1:  gammafunk_sealed_library, layout_gridlike, serial_bayou,
          serial_bayou_crossing, serial_bayou_pond_e, serial_bayou_pond_d,
          serial_bayou_pond_b, serial_bayou_pond_a, serial_bayou_shore_b,
          lemuel_fruit_tree
Snake:2:  layout_grid_maze, serial_bayou_shore_a
Snake:3:  layout_onion
Snake:4:  minmay_snake_end_coiled, layout_gridlike, serial_bayou_lake_a
Orc:1:    layout_caves, ebering_ghost_reflecting_pool, lightli_church_of_beogh
Orc:2:    grunt_orc_gardens, layout_caves, grunt_orc_garden, grunt_orc_garden,
          grunt_orc_garden, grunt_orc_garden, uniq_donald, uniq_josephine
Elf:1:    elf_arrival_001, layout_gridlike, minmay_elf_necromancy,
          nicolae_elf_hall_of_bonks, minmay_shop_star
Elf:2:    elven_hall_of_blades_hangedman_alternative
          [mumra_blade_entry_bloodbath], layout_geoelf_octagon
Vaults:1: v_misc_10, nicolae_vaults_antechamber_and_loot_room,
          nicolae_vaults_octothorpe, ontoclasm_vaults_eye,
          dpeg_vaults_monster_row, v_misc_13, grunt_vaults_twisty,
          vaults_mumra_minichess_inversion, vaults_room_door_ring,
          nicolae_vaults_rhombus_5, layout_vaults_big_room
Vaults:2: nicolae_vaults_trapezoid_4, hangedman_vaults_slice, v_pattern_2,
          nicolae_vaults_little_squares_6, nicolae_vaults_closet_pinwheel_1,
          nicolae_vaults_apartment_1, vaults_dpeg_doors,
          nicolae_vaults_big_angled_halls, hangedman_vaults_trim,
          vaults_room_grunt_arrival_checkpoint,
          vaults_room_grunt_arrival_ludios, nicolae_vaults_asterisk,
          layout_vaults_omnigrid, serial_shops, nicolae_shop_drivethru,
          uniq_aizul, uniq_asterion
Vaults:3: portal_desolation_entry_ruin, nicolae_vaults_house_2,
          nicolae_vaults_network_star, nicolae_vaults_puzzle_piece,
          ontoclasm_vaults_hangar, nicolae_vaults_surprise_closet,
          nicolae_vaults_circle_grid_b, minmay_crypt_entry_simple_round,
          nicolae_vaults_tetromino_T_1, v_alt_pattern_4,
          vaults_room_guarded_vault, nicolae_vaults_apartment_2,
          ontoclasm_vaults_shuriken, nicolae_vaults_tetromino_T_1,
          layout_vaults_ring
Vaults:4: nicolae_vaults_stairing_the_circle, nicolae_vaults_double_plus_3,
          minmay_orc_keep, nicolae_vaults_closet_pinwheel_4,
          nicolae_vaults_twisting_passages, hangedman_vaults_variations,
          nicolae_vaults_circle_grid_b, vaults_room_door_hall,
          ontoclasm_vaults_loading_screen, serial_library_hellmonk_semicircle,
          v_misc_19, nicolae_vaults_little_squares_2, nicolae_vaults_museum,
          layout_vaults_maze

Skill      XL: |  1  2  3  4  5  6  7  8  9 10 11 12 13 14 15 16 17 18 19 20 |
---------------+-------------------------------------------------------------+-----
Axes           | 4 5 6 8 11 12 14 15 16 17 18 19 | 19.9
Fighting       | 4 5 6 8 11 12 13 15 16 17 19 20 21 22 | 22.9
Armour         | 3 4 5 7 10 12 13 14 15 17 18 20 21 22 | 22.6
Dodging        | 3 4 5 6 9 11 12 13 14 15 16 17 | 17.9
Evocations     | 4 5 8 10 11 12 | 12.0
Shields        | 15 17 18 19 | 19.0

Action                     |  1- 3 |  4- 6 |  7- 9 | 10-12 | 13-15 | 16-18 | 19-21 || total
---------------------------+-------+-------+-------+-------+-------+-------+-------++-------
  Melee: Hand axe          |    90 |    58 |    72 |       |       |       |       ||   220
         Headbutt          |    15 |     9 |    31 |    82 |   152 |   245 |   157 ||   691
         Punch             |     1 |       |     1 |     1 |       |       |       ||     3
         War axe           |       |       |    89 |       |       |       |       ||    89
         Battleaxe         |       |       |    36 |   327 |   683 |    86 |   522 ||  1654
         Morningstar       |       |       |       |    12 |    39 |       |       ||    51
         Broad axe         |       |       |       |       |       |   958 |     9 ||   967
 Invoke: Berserk           |       |     2 |     5 |     4 |    12 |     4 |     4 ||    31
         Trog's Hand       |       |     1 |     1 |     2 |     2 |     1 |     3 ||    10
         Brothers in Arms  |       |       |       |     1 |     3 |    10 |     7 ||    21
  Evoke: Wand              |       |       |    16 |     4 |     6 |    36 |     1 ||    63
         Sack of spiders   |       |       |       |       |     1 |     1 |     1 ||     3
         Phantom mirror    |       |       |       |       |       |     1 |       ||     1
    Use: Scroll            |       |       |    19 |     4 |    14 |    19 |     3 ||    59
         Potion            |       |       |     5 |       |     3 |    12 |     5 ||    25
   Stab: Distracted        |       |       |       |       |     1 |     1 |     9 ||    11
         Sleeping          |       |       |       |       |       |       |     1 ||     1
 Armour: Animal skin       |    61 |       |       |       |       |       |       ||    61
         Ring mail         |    23 |    31 |    47 |       |       |       |       ||   101
         Chain mail        |       |       |   114 |     9 |       |       |       ||   123
         Pearl dragon scal |       |       |       |   297 |   591 |   514 |   430 ||  1832
  Dodge: Dodged            |    67 |    40 |   127 |   258 |   517 |   392 |   238 ||  1639
  Block: Tower shield      |       |       |       |       |       |   852 |     4 ||   856
         Kite shield       |       |       |       |       |       |    34 |       ||    34

Table legend: (Time is in decaauts)
 A = Elapsed time spent in this place.
 B = Non-inter-level travel time spent in this place.
 C = Inter-level travel time spent in this place.
 D = Time resting spent in this place.
 E = Time spent auto-exploring this place.
 F = Levels seen in this place.
 G = Mean time per level.
                   A        B        C        D        E       F      G
               +--------+--------+--------+--------+--------+-----+--------+
         Total |  50018 |  46359 |   3659 |   7439 |  28490 |  39 | 1282.5 |
       Dungeon |  14614 |  13195 |   1419 |   1524 |   9024 |  15 |  974.3 |
          Lair |   7519 |   6805 |    714 |   1528 |   3846 |   5 | 1503.8 |
        Shoals |   4900 |   4535 |    365 |   1032 |   2106 |   4 | 1225.0 |
     Snake Pit |   7702 |   7339 |    363 |   1369 |   4199 |   4 | 1925.5 |
  Orcish Mines |   2825 |   2442 |    383 |    547 |   1499 |   2 | 1412.5 |
   Elven Halls |   3035 |   2895 |    140 |    137 |   2138 |   2 | 1517.5 |
        Vaults |   6596 |   6323 |    273 |    557 |   4642 |   4 | 1649.0 |
        Bailey |    667 |    667 |      0 |    179 |    116 |   1 |  667.0 |
    Desolation |   1591 |   1591 |      0 |    328 |    747 |   1 | 1591.0 |
      Gauntlet |    564 |    564 |      0 |    236 |    171 |   1 |  564.0 |
               +--------+--------+--------+--------+--------+-----+--------+

Top non-repeatable levels by time:
 Snake:4: 2660 daAuts
Vaults:2: 2144 daAuts
  Lair:2: 2024 daAuts
  Lair:4: 2016 daAuts
Vaults:1: 2010 daAuts
 Snake:3: 1962 daAuts
 Snake:1: 1930 daAuts
Shoals:3: 1914 daAuts
   Orc:2: 1845 daAuts
Desolation: 1591 daAuts
   Elf:2: 1580 daAuts
   Elf:1: 1454 daAuts
    D:15: 1382 daAuts
  Lair:1: 1358 daAuts
    D:13: 1319 daAuts
